 Dungeon Crawl Stone Soup version 0.22.1-1-ga44c0e5 (webtiles) character file.

329 suicidejoker the Covert (level 6, 0/42 HPs)
             Began as an Octopode Assassin on Sept 20, 2018.
             Slain by a gnoll
             ... wielding a +0 spear
              (7 damage)
             ... on level 2 of the Dungeon.
             The game lasted 00:04:51 (3393 turns).

suicidejoker the Covert (Octopode Assassin)         Turns: 3393, Time: 00:04:53

Health: 0/42       AC:  1    Str: 11    XL:     6   Next: 50%
Magic:  6/6        EV: 13    Int: 13    God:
Gold:   110        SH:  0    Dex: 15    Spells: 5/5 levels left

rFire    . . .     SeeInvis .   h - +1 dagger (venom)
rCold    . . .     Gourm    .   (no shield)
rNeg     . . .     Faith    .   (helmet restricted)
rPois    .         Spirit   .   (no amulet)
rElec    .         Reflect  .   (no ring)
rCorr    .         Harm     .   (no ring)
MR       .....                  (no ring)
Stlth    +++++.....             (no ring)
HPRegen  0.14/turn              (no ring)
MPRegen  0.10/turn              (no ring)
                                (no ring)
                                (no ring)

@: no status effects
A: almost no armour, stealthy swim, amphibious, 8 rings, constrict 8, camouflage
1, gelatinous body 1
a: no special abilities


You were on level 2 of the Dungeon.
You were very hungry.

You visited 1 branch of the dungeon, and saw 3 of its levels.

You collected 110 gold pieces.

Inventory:

Hand Weapons
 a - a +2 dagger
 b - a +0 blowgun
 h - a +1 dagger of venom (weapon)
 v - a cursed -2 hand axe
Missiles
 c - 8 poisoned needles
 d - 2 curare-tipped needles
 l - 30 bolts
 m - 17 arrows
 n - a throwing net (quivered)
 t - 47 stones
 u - 6 sling bullets
Wands
 s - a wand of clouds (5)
Scrolls
 k - a scroll of teleportation
 o - a scroll of remove curse
 q - a scroll of magic mapping {unknown}
Potions
 g - a potion of haste
 p - a potion of ambrosia {unknown}
Comestibles
 f - 5 rations


   Skills:
 * Level 3.0 Fighting
 - Level 2.0 Short Blades
 - Level 2.0 Throwing
 - Level 1.0 Dodging
 * Level 10.0 Stealth


You had 5 spell levels left.
You didn't know any spells.
Your spell library was empty.

Dungeon Overview and Level Annotations

Branches:
Dungeon (3/15)

Altars:
Ashenzari
Kikubaaqudgha


Innate Abilities, Weirdness & Mutations

You cannot wear most types of armour.
You are very stealthy in the water. (Stealth+)
You are amphibious.
You can wear up to eight rings at the same time.
You can use your tentacles to constrict eight enemies at once.
Your skin changes colour to match your surroundings (Stealth+).
Your rubbery body absorbs attacks. (AC +1, EV +1)


Message History

There is a stone staircase leading down here.
You climb downwards.
The gnoll completely misses you. The goblin closely misses you.
The gnoll closely misses you. The gnoll hits you with a spear!
The gnoll hits you with an enchanted spear.
There is a stone staircase leading up, spattered with blood here.
Unknown command.
The gnoll hits you with a spear. The goblin hits you with a club.
The gnoll hits you with a spear.
The gnoll hits you with an enchanted spear.
You climb upwards.
There is a stone staircase leading down here.
You hit the goblin.
The goblin is poisoned.
You grab the goblin.
The goblin is heavily wounded.
You constrict the goblin.
You kill the goblin!
The gnoll hits you from afar with a spear.
* * * LOW HITPOINT WARNING * * *
The gnoll hits you with a spear!
You die...

#.##..##.##.###....
#.##..##...........
#...........#####[#
####.######## #.#
#...# #.# ###.#
##.. #.# ##...
#####.## ##....
#@)g...## ##.....
#g###...####......
#g##.......'......
#.###...####......
#.##...## ##.....
#.##..## ##....
#.##..# ##...
#.##..# ##'#
#.....# #.#


You could see 3 gnolls.

Vanquished Creatures
  A phantom (D:3)
  A gnoll shaman (D:2)
  2 orc wizards (D:2)
  Terence (D:3)
  A gnoll (D:2)
  4 adders
  2 dart slugs
  8 orcs
  6 giant cockroaches
  4 hobgoblins
  3 jackals (D:2)
  2 kobolds (D:1)
  3 quokkas (D:2)
  A ball python (D:1)
  6 bats
  4 frilled lizards
  13 goblins
  10 rats
72 creatures vanquished.

Notes
Turn   | Place    | Note
-------+----------+-------------------------------------------
     0 | D:1      | suicidejoker the Octopode Assassin began the quest for the
                  | Orb.
     0 | D:1      | Reached XP level 1. HP: 14/14 MP: 1/1
    88 | D:1      | Reached XP level 2. HP: 16/19 MP: 2/2
   120 | D:1      | Reached skill level 6 in Stealth
   668 | D:2      | Reached XP level 3. HP: 24/24 MP: 3/3
   756 | D:2      | Reached skill level 7 in Stealth
  1047 | D:2      | Reached XP level 4. HP: 29/29 MP: 4/4
  1179 | D:2      | Found a shattered altar of Ashenzari.
  1908 | D:3      | Found an ancient bone altar of Kikubaaqudgha.
  1919 | D:3      | Noticed a phantom
  2465 | D:2      | Reached skill level 8 in Stealth
  2590 | D:3      | Killed a phantom
  2590 | D:3      | Reached skill level 9 in Stealth
  2590 | D:3      | Reached XP level 5. HP: 14/35 MP: 5/5
  2800 | D:3      | Noticed Terence
  2810 | D:3      | Killed Terence
  2810 | D:3      | Reached XP level 6. HP: 41/41 MP: 6/6
  3127 | D:2      | Reached skill level 10 in Stealth
  3393 | D:2      | Slain by a gnoll

Skill      XL: |  1  2  3  4  5  6 |
---------------+-------------------+-----
Stealth        | 6 7 9 10 | 10.0
Fighting       | 3 |  3.0
Short Blades   | |  2.0
Throwing       | |  2.0
Dodging        | |  1.0

Action                   |  1- 3 |  4- 6 || total
-------------------------+-------+-------++-------
Melee: Dagger            |    58 |    93 ||   151
       Constrict         |    16 |    18 ||    34
       Tentacles         |     9 |    20 ||    29
       Unarmed           |       |    20 ||    20
  Use: Scroll            |       |     5 ||     5
       Potion            |       |     4 ||     4
 Stab: Sleeping          |    12 |    12 ||    24
       Distracted        |     1 |       ||     1
  Eat: Chunk             |       |     3 ||     3
       Ration            |       |     1 ||     1
Armor: Skin              |     3 |    20 ||    23
Dodge: Dodged            |    37 |    49 ||    86
